| TOP OF THE 1ST |
|
Seattle Mariners batting - Pitching for Cleveland Guardians : RHP Ben Cole
|
|
Pitching: RHP Ben Cole
|
|
|
Batting: LHB Jerrod Cluck
|
0-0: Ball 1-0: Swinging Strike 1-1: Ball 2-1: Swinging Strike 2-2: Strikes out swinging
|
|
Batting: RHB Jose Vasquez
|
0-0: Ball 1-0: Ball 2-0: Foul Ball, location: 2F 2-1: Ball 3-1: Foul Ball, location: 2F 3-2: Ground out 6-3 (Groundball, 6, EV 106.9 MPH)
|
|
Batting: SHB Floyd-William Goof
|
0-0: Ball 1-0: Ball 2-0: Called Strike 2-1: Foul Ball, location: 2F 2-2: Strikes out swinging
|
| Top of the 1st over - 0 runs, 0 hits, 0 errors, 0 left on base; Seattle 0 - Cleveland 0 |
| BOTTOM OF THE 1ST |
|
Cleveland Guardians batting - Pitching for Seattle Mariners : LHP Larry Tuckfard
|
|
Pitching: LHP Larry Tuckfard
|
|
|
Batting: RHB Rick O'Reilly
|
0-0: Called Strike 0-1: Swinging Strike 0-2: Foul Ball, location: 2F 0-2: Foul Ball, location: 2F 0-2: SINGLE (Groundball, 25, EV 70.6 MPH) (infield hit)
|
|
Batting: RHB Jasper Burd
|
0-0: Called Strike Rick O'Reilly steals 2nd base 0-1: Foul Ball, location: 2F 0-2: Foul Ball, location: 2F 0-2: Fly out, F9 (Flyball, 89D, EV 90.0 MPH) Runner from 2nd tags up, SAFE at 3rd, no throw by RF
|
|
Batting: LHB Danny Dunham
|
0-0: Hit by Pitch
|
|
Batting: RHB Christian Blue
|
0-0: Foul Ball, location: 2F 0-1: 3-RUN HOME RUN (Flyball, 89XD, EV 99.4 MPH), Distance : 400 ft
|
|
Batting: RHB Nick Sharp
|
0-0: DOUBLE (Flyball, 8LXD, EV 113.1 MPH)
|
|
Batting: SHB Pete Barutha
|
0-0: Called Strike 0-1: Ball 1-1: Ball 2-1: Reached on error, E6 (Groundball, 56, EV 86.2 MPH) Nick Sharp to third
|
|
Batting: RHB Aaron Matthews
|
0-0: Ball 1-0: Fly out, F8 (Line Drive, 8LD, EV 88.1 MPH) Runner from 3rd tags up, SCORES, throw by CF
|
|
Batting: LHB John Harring
|
0-0: Called Strike 0-1: Ball 1-1: Called Strike 1-2: Fly out, F8 (Flyball, 8LD, EV 85.0 MPH)
|
| Bottom of the 1st over - 4 runs, 3 hits, 1 error, 1 left on base; Seattle 0 - Cleveland 4 |
| TOP OF THE 2ND |
|
Seattle Mariners batting - Pitching for Cleveland Guardians : RHP Ben Cole
|
|
Batting: RHB Steve Jordan
|
0-0: Called Strike 0-1: Swinging Strike 0-2: Ball 1-2: Strikes out looking
|
|
Batting: SHB Robbie Rogers
|
0-0: Ball 1-0: Ground out 4-3 (Groundball, 4, EV 88.1 MPH)
|
|
Batting: RHB Pavpv Ivanushkin
|
0-0: Swinging Strike 0-1: Called Strike 0-2: Ball 1-2: Strikes out swinging
|
| Top of the 2nd over - 0 runs, 0 hits, 0 errors, 0 left on base; Seattle 0 - Cleveland 4 |
| BOTTOM OF THE 2ND |
|
Cleveland Guardians batting - Pitching for Seattle Mariners : LHP Larry Tuckfard
|
|
Batting: LHB Brent Albertson
|
0-0: Ball 1-0: Called Strike 1-1: Swinging Strike 1-2: Ball 2-2: Strikes out swinging
|
|
Batting: RHB Rick O'Reilly
|
0-0: Fly out, F8 (Line Drive, 8LM, EV 92.5 MPH)
|
|
Batting: RHB Jasper Burd
|
0-0: Ball 1-0: Foul Ball, location: 2F 1-1: Ball 2-1: DOUBLE (Line Drive, 9LM, EV 108.8 MPH)
|
|
Batting: LHB Danny Dunham
|
0-0: Called Strike 0-1: Fly out, F8 (Flyball, 8RM, EV 87.5 MPH)
|
| Bottom of the 2nd over - 0 runs, 1 hit, 0 errors, 1 left on base; Seattle 0 - Cleveland 4 |
| TOP OF THE 3RD |
|
Seattle Mariners batting - Pitching for Cleveland Guardians : RHP Ben Cole
|
|
Batting: RHB Tony Vargas
|
0-0: Called Strike 0-1: Fly out, F7 (Line Drive, 7LM, EV 93.8 MPH)
|
|
Batting: RHB Harutomi Matsubara
|
0-0: SINGLE (Groundball, 6MS, EV 68.8 MPH) (infield hit)
|
|
Batting: RHB Jimmy Hammertime
|
0-0: Foul Ball, location: 2F 0-1: Called Strike 0-2: Ball 1-2: Foul Ball, location: 2F 1-2: SINGLE (Line Drive, 8LS, EV 91.9 MPH) Harutomi Matsubara to second
|
|
Batting: LHB Jerrod Cluck
|
0-0: Called Strike Harutomi Matsubara is caught stealing 3rd base 2-5 Jimmy Hammertime to second 0-1: Called Strike 0-2: Fly out, F7 (Flyball, 7, EV 95.0 MPH)
|
| Top of the 3rd over - 0 runs, 2 hits, 0 errors, 1 left on base; Seattle 0 - Cleveland 4 |
| BOTTOM OF THE 3RD |
|
Cleveland Guardians batting - Pitching for Seattle Mariners : LHP Larry Tuckfard
|
|
Batting: RHB Christian Blue
|
0-0: Ball 1-0: SINGLE (Groundball, 34S, EV 68.1 MPH) (infield hit)
|
|
Batting: RHB Nick Sharp
|
0-0: Called Strike 0-1: SINGLE (Groundball, 6D, EV 95.6 MPH) Christian Blue to second
|
|
Batting: SHB Pete Barutha
|
0-0: Called Strike 0-1: Called Strike 0-2: Strikes out looking
|
|
Batting: RHB Aaron Matthews
|
0-0: Ball 1-0: Grounds into double play, 6-4-3 (Groundball, 6, EV 108.1 MPH)
|
| Bottom of the 3rd over - 0 runs, 2 hits, 0 errors, 1 left on base; Seattle 0 - Cleveland 4 |
| TOP OF THE 4TH |
|
Seattle Mariners batting - Pitching for Cleveland Guardians : RHP Ben Cole
|
|
Batting: RHB Jose Vasquez
|
0-0: Called Strike 0-1: Ground out U3 (Groundball, 3S, EV 66.9 MPH)
|
|
Batting: SHB Floyd-William Goof
|
0-0: Foul Ball, location: 2F 0-1: Ball 1-1: Ball 2-1: Ball 3-1: Base on Balls
|
|
Batting: RHB Steve Jordan
|
0-0: Ball 1-0: Called Strike 1-1: Ball Floyd-William Goof steals 2nd, throwing error, E2 Floyd-William Goof to third 2-1: Ball 3-1: Called Strike 3-2: Ground out 5-3 (Groundball, 56, EV 103.8 MPH) Floyd-William Goof scores
|
|
Batting: SHB Robbie Rogers
|
0-0: Fly out, F8 (Line Drive, 8LM, EV 91.2 MPH)
|
| Top of the 4th over - 1 run, 0 hits, 1 error, 0 left on base; Seattle 1 - Cleveland 4 |
| BOTTOM OF THE 4TH |
|
Cleveland Guardians batting - Pitching for Seattle Mariners : LHP Larry Tuckfard
|
|
Batting: LHB John Harring
|
0-0: Fly out, F8 (Flyball, 8LXD, EV 91.2 MPH)
|
|
Batting: LHB Brent Albertson
|
0-0: Ball 1-0: Foul Ball, location: 2F 1-1: Ball 2-1: Swinging Strike 2-2: Strikes out swinging
|
|
Batting: RHB Rick O'Reilly
|
0-0: Ball 1-0: Called Strike 1-1: Foul Ball, location: 2F 1-2: Fly out, F8 (Flyball, 8RM, EV 90.6 MPH)
|
| Bottom of the 4th over - 0 runs, 0 hits, 0 errors, 0 left on base; Seattle 1 - Cleveland 4 |
| TOP OF THE 5TH |
|
Seattle Mariners batting - Pitching for Cleveland Guardians : RHP Ben Cole
|
|
Batting: RHB Pavpv Ivanushkin
|
0-0: Ball 1-0: Called Strike 1-1: Foul Ball, location: 2F 1-2: Strikes out looking
|
|
Batting: RHB Tony Vargas
|
0-0: Called Strike 0-1: Foul Ball, location: 2F 0-2: Foul Ball, location: 2F 0-2: Ball 1-2: Strikes out swinging
|
|
Batting: RHB Harutomi Matsubara
|
0-0: Foul Ball, location: 2F 0-1: Ball 1-1: Fly out, F4 (Popup, 4D, EV 59.4 MPH)
|
| Top of the 5th over - 0 runs, 0 hits, 0 errors, 0 left on base; Seattle 1 - Cleveland 4 |
| BOTTOM OF THE 5TH |
|
Cleveland Guardians batting - Pitching for Seattle Mariners : LHP Larry Tuckfard
|
|
Batting: RHB Jasper Burd
|
0-0: Ball 1-0: Ball 2-0: Called Strike 2-1: Ball 3-1: Base on Balls
|
|
Batting: LHB Danny Dunham
|
0-0: Ball 1-0: Ball 2-0: DOUBLE (Line Drive, 7LS, EV 92.5 MPH) Jasper Burd to third
|
|
Pinch Runner at 2nd Nick Ogle:
|
|
|
Batting: RHB Christian Blue
|
0-0: Called Strike 0-1: Foul Ball, location: 2F 0-2: Strikes out swinging
|
|
Batting: RHB Nick Sharp
|
0-0: Ball 1-0: Foul Ball, location: 2F 1-1: Ball 2-1: Ground out 6-3 (Groundball, 6, EV 88.1 MPH) Jasper Burd scores
|
|
Batting: SHB Pete Barutha
|
0-0: Ball 1-0: Ball 2-0: Ball 3-0: Called Strike 3-1: Swinging Strike 3-2: Ground out 5-3 (Groundball, 56, EV 86.9 MPH)
|
| Bottom of the 5th over - 1 run, 1 hit, 0 errors, 1 left on base; Seattle 1 - Cleveland 5 |
| TOP OF THE 6TH |
|
Seattle Mariners batting - Pitching for Cleveland Guardians : RHP Ben Cole
|
|
Batting: RHB Jimmy Hammertime
|
0-0: Ball 1-0: Ball 2-0: Swinging Strike 2-1: Ball 3-1: Foul Ball, location: 2F 3-2: Ground out 5-3 (Groundball, 56S, EV 86.2 MPH)
|
|
Batting: LHB Jerrod Cluck
|
0-0: Called Strike 0-1: Called Strike 0-2: Ball 1-2: Ball 2-2: Fly out, F8 (Flyball, 8LXD, EV 102.5 MPH)
|
|
Batting: RHB Jose Vasquez
|
0-0: Foul Ball, location: 2F 0-1: Called Strike 0-2: Foul Ball, location: 2F 0-2: Ball 1-2: Strikes out swinging
|
| Top of the 6th over - 0 runs, 0 hits, 0 errors, 0 left on base; Seattle 1 - Cleveland 5 |
| BOTTOM OF THE 6TH |
|
Cleveland Guardians batting - Pitching for Seattle Mariners : LHP Larry Tuckfard
|
|
Batting: RHB Aaron Matthews
|
0-0: Fly out, F9 (Flyball, 9LS, EV 91.2 MPH)
|
|
Batting: LHB John Harring
|
0-0: Called Strike 0-1: Ball 1-1: Ball 2-1: Ground out 6-3 (Groundball, 6M, EV 101.9 MPH)
|
|
Batting: LHB Brent Albertson
|
0-0: Foul Ball, location: 2F 0-1: Called Strike 0-2: Fly out, F8 (Flyball, 78D, EV 90.6 MPH)
|
| Bottom of the 6th over - 0 runs, 0 hits, 0 errors, 0 left on base; Seattle 1 - Cleveland 5 |
| TOP OF THE 7TH |
|
Seattle Mariners batting - Pitching for Cleveland Guardians : RHP Ben Cole
|
|
Batting: SHB Floyd-William Goof
|
0-0: Ball 1-0: Called Strike 1-1: Called Strike 1-2: Foul Ball, location: 2F 1-2: Strikes out swinging
|
|
Batting: RHB Steve Jordan
|
0-0: Ball 1-0: Ball 2-0: Foul Ball, location: 2F 2-1: Foul Ball, location: 2F 2-2: Ball 3-2: Foul Ball, location: 2F 3-2: Foul Ball, location: 2F 3-2: Base on Balls
|
|
Batting: SHB Robbie Rogers
|
0-0: Ball 1-0: Foul Ball, location: 2F 1-1: Ball 2-1: Ball 3-1: Swinging Strike 3-2: Strikes out swinging Steve Jordan steals 2nd base (no throw) Batter strikes out.
|
|
Batting: RHB Pavpv Ivanushkin
|
0-0: Foul Ball, location: 2F 0-1: Ball 1-1: Foul Ball, location: 2F 1-2: Ground out U3 (Groundball, 34, EV 86.9 MPH)
|
| Top of the 7th over - 0 runs, 0 hits, 0 errors, 1 left on base; Seattle 1 - Cleveland 5 |
| BOTTOM OF THE 7TH |
|
Cleveland Guardians batting - Pitching for Seattle Mariners : LHP Larry Tuckfard
|
|
Batting: RHB Rick O'Reilly
|
0-0: Ground out 5-3 (Groundball, 5L, EV 87.5 MPH)
|
|
Batting: RHB Jasper Burd
|
0-0: Ball 1-0: Ball 2-0: Called Strike 2-1: Swinging Strike 2-2: Foul Ball, location: 2F 2-2: Ball 3-2: Foul Ball, location: 2F 3-2: Ground out 5-3 (Groundball, 56S, EV 91.2 MPH)
|
|
Batting: RHB Nick Ogle
|
0-0: Swinging Strike 0-1: Swinging Strike 0-2: Strikes out swinging
|
| Bottom of the 7th over - 0 runs, 0 hits, 0 errors, 0 left on base; Seattle 1 - Cleveland 5 |
| TOP OF THE 8TH |
|
Seattle Mariners batting - Pitching for Cleveland Guardians : RHP Ben Cole
|
|
Pitching: RHP Dennis Beals
|
|
|
Now at 2B: Danny Eberhart
|
|
|
Batting: RHB Tony Vargas
|
0-0: Ball 1-0: Ball 2-0: Foul Ball, location: 2F 2-1: Foul Ball, location: 2F 2-2: Ground out 4-3 (Groundball, 4S, EV 90.6 MPH)
|
|
Batting: RHB Harutomi Matsubara
|
0-0: Reached on error, E3 (Groundball, 34S, EV 69.4 MPH)
|
|
Batting: RHB Jimmy Hammertime
|
0-0: Fly out, F8 (Flyball, 8RS, EV 82.5 MPH)
|
|
Batting: LHB Jerrod Cluck
|
0-0: Ball 1-0: Foul Ball, location: 2F 1-1: Fly out, F6 (Popup, 6, EV 57.5 MPH)
|
| Top of the 8th over - 0 runs, 0 hits, 1 error, 1 left on base; Seattle 1 - Cleveland 5 |
| BOTTOM OF THE 8TH |
|
Cleveland Guardians batting - Pitching for Seattle Mariners : LHP Larry Tuckfard
|
|
Batting: RHB Christian Blue
|
0-0: Ball 1-0: Swinging Strike 1-1: Ball 2-1: Reached on error, E5 (Groundball, 56S, EV 85.6 MPH)
|
|
Batting: RHB Nick Sharp
|
0-0: Ball 1-0: Swinging Strike 1-1: Ball Wild Pitch! Christian Blue to second 2-1: Fly out, F9 (Flyball, 9, EV 85.6 MPH)
|
|
Batting: SHB Pete Barutha
|
0-0: Called Strike 0-1: Called Strike 0-2: Strikes out swinging
|
|
Pitching: LHP Greg Burngooch
|
|
|
Batting: RHB Aaron Matthews
|
0-0: Ball 1-0: Fly out, F8 (Flyball, 78M, EV 85.0 MPH)
|
| Bottom of the 8th over - 0 runs, 0 hits, 1 error, 1 left on base; Seattle 1 - Cleveland 5 |
| TOP OF THE 9TH |
|
Seattle Mariners batting - Pitching for Cleveland Guardians : RHP Dennis Beals
|
|
Batting: RHB Jose Vasquez
|
0-0: Called Strike 0-1: Ball 1-1: SOLO HOME RUN (Line Drive, 7LD, EV 98.8 MPH), Distance : 386 ft
|
|
Pitching: LHP Katsumi Omura
|
|
|
Batting: SHB Floyd-William Goof
|
0-0: Fly out, F7 (Flyball, 78D, EV 85.6 MPH)
|
|
Batting: RHB Steve Jordan
|
0-0: Called Strike 0-1: Swinging Strike 0-2: Foul Ball, location: 2F 0-2: Ball 1-2: Ball 2-2: Fly out, F9 (Flyball, 9, EV 90.0 MPH)
|
|
Batting: SHB Robbie Rogers
|
0-0: Foul Ball, location: 2F 0-1: Ball 1-1: Fly out, F8 (Line Drive, 8LM, EV 105.0 MPH)
|
| Top of the 9th over - 1 run, 1 hit, 0 errors, 0 left on base; Seattle 2 - Cleveland 5 |
|